 Dungeon Crawl Stone Soup version 0.30-a0-782-ge64f9170bb (webtiles) character file.

Game seed: 4048704989455048198

1495 mopl the Covert (level 8, -4/50 HPs)
             Began as an Octopode Brigand on Mar 3, 2023.
             Was a Follower of Dithmenos.
             Killed from afar by a steam dragon (21 damage)
             ... with a ball of steam
             ... on level 6 of the Dungeon.
             The game lasted 00:09:31 (4463 turns).

mopl the Covert (Octopode Brigand)                  Turns: 4463, Time: 00:09:32

Health: -4/50      AC:  5    Str: 10    XL:     8   Next: 81%
Magic:  12/12      EV: 12    Int: 16    God:    Dithmenos [*.....]
Gold:   411        SH:  0    Dex: 13    Spells: 7/13 levels left

rFire   . . .      SeeInvis .    b - +0 dagger (venom)
rCold   . . .      Faith    .    (no shield)
rNeg    . . .      Spirit   .    (helmet restricted)
rPois   .          Reflect  .    q - amulet of magic regeneration
rElec   .          Harm     .    s - +4 ring of protection
rCorr   .          Rampage  .    (no ring)
Will    .....                    (no ring)
Stlth   ++++++                   (no ring)
HPRegen 0.28/turn                (no ring)
MPRegen 0.53/turn                (no ring)
                                 (no ring)
                                 (no ring)

@: wreathed by umbra
A: almost no armour, amphibious, 8 rings, camouflage 1, gelatinous body 1,
(nimble swimmer 1), tentacles
a: Renounce Religion


You were on level 6 of the Dungeon.
You worshipped Dithmenos.
Dithmenos was aware of your devotion.
You visited 1 branch of the dungeon, and saw 6 of its levels.

You collected 411 gold pieces.

Inventory:

Hand Weapons
 a - a +2 dagger
 b - a +0 dagger of venom (weapon)
 t - the +0 dagger "Funna" {elec, Str+3}
   (You found it on level 2 of the Dungeon)

   Str:       It affects your strength (+3).
 x - a +2 dagger of draining
 z - the +3 whip "Zyhicuo" {venom, rC+++}
   (You found it on level 5 of the Dungeon)

   rC:        It renders you almost immune to cold.
Missiles
 c - 4 curare-tipped darts
 i - 15 poisoned darts (quivered)
 r - 2 boomerangs
Jewellery
 q - an amulet of magic regeneration (around mantle)
 s - a +4 ring of protection (left tentacle)
Wands
 m - a wand of flame (3)
Scrolls
 d - a scroll of teleportation {unknown}
 f - 2 scrolls of identify
 j - a scroll of silence {unknown}
 l - a scroll of blinking {unknown}
 o - 2 scrolls of immolation {unknown}
 w - 2 scrolls of fog {unknown}
 y - a scroll of poison {unknown}
Potions
 e - 2 potions of cancellation
 g - 3 potions of might
 h - a potion of haste
 k - 3 potions of curing
 p - 3 potions of flight
 u - a potion of brilliance
 v - 2 potions of heal wounds


   Skills:
 - Level 2.0 Fighting
 + Level 5.2 Short Blades
 + Level 5.1 Throwing
 - Level 1.0 Dodging
 + Level 8.8 Stealth
 - Level 3.0 Spellcasting
 + Level 3.1 Hexes
 - Level 4.0 Translocations


You had 7 spell levels left.
You knew the following spells:

 Your Spells              Type           Power      Damage    Failure   Level
e - Blink                 Tloc           30%        N/A       5%          2
f - Cause Fear            Hex            6%         N/A       45%         4

Your spell library contained the following spells:

 Spells                   Type           Power      Damage    Failure   Level
 Lesser Beckoning         Tloc           30%        N/A       5%          2
 Momentum Strike          Conj/Tloc      16%        3d8       12%         2
 Vhi's Electric Charge    Tloc/Air       16%        N/A       24%         3
 Static Discharge         Conj/Air       4%         2-3/arc   28%         2
 Inner Flame              Hex/Fire       7%         N/A       30%         3
 Manifold Assault         Tloc           15%        N/A       34%         4
 Stone Arrow              Conj/Erth      4%         3d7       50%         3
 Arcjolt                  Conj/Air       1%         1d11      99%         5
 Lightning Bolt           Conj/Air       1%         1d12      99%         5
 Storm Form               Tmut/Air       1%         N/A       100%        7
 Discord                  Hex            6%         N/A       100%        8
 Lehudib's Crystal Spear  Conj/Erth      1%         10d2      100%        8
 Animate Armour           Summ/Erth      Unusable   N/A       N/A         4

Dungeon Overview and Level Annotations

Branches:
Dungeon (6/15)             Temple (0/1) D:6

Altars:
Dithmenos
Sif Muna

Shops:
D:1 [

Annotations:
D:3 3 runed translucent doors, soark's ghost, amateur DsCj
D:5 + dig


Innate Abilities, Weirdness & Mutations

You cannot wear most types of armour.
You are amphibious.
You can wear up to eight rings at the same time.
Your skin changes colour to match your surroundings (Stealth+).
Your rubbery body absorbs attacks. (AC +1, EV +1)
((You are camouflaged when in or above water. (Stealth+)))
You have tentacles for arms and can constrict up to eight enemies at once.


Message History

Dithmenos accepts your kill.
No target in view!
No target in view!
You see here a +0 hand axe.
You now have 411 gold pieces (gained 20).
Things that are here:
a +0 war axe; an orc corpse You pick up a book of Spatial Translocations and begin reading...
You add the spells Momentum Strike and Lesser Beckoning to your library.
Okay, then.
Unknown command.
Unknown command.
Found a staircase to the Ecumenical Temple.
v - 2 potions of heal wounds (gained 1)
An iguana and a steam dragon come into view.
Saving game... please wait.
Welcome back, mopl the Octopode Brigand.
Dithmenos says: Spread the eternal night.
Press ? for a list of commands and other information.
The helpless iguana fails to defend itself.
You skewer the iguana like a kebab!!! Lightning courses through the iguana!
You kill the iguana!
Dithmenos accepts your kill. The steam dragon breathes steam at you.
The ball of steam hits you!
No reachable target in view!
Okay, then.
Okay, then.
The +0 dagger "Funna" {elec, Str+3} stops crackling.
Your +0 dagger of venom begins to drip with poison!
b - a +0 dagger of venom (weapon)
Okay, then.
You throw a poisoned dart.
The poisoned dart hits the steam dragon!
The steam dragon is poisoned.
The steam dragon breathes steam at you. The ball of steam hits you!!
The steam dragon breathes steam at you. The ball of steam hits you!!
You die...

#....... ###### #...#..#
#. ##...##.### ##.
#....##...### ##..
#...........# ###...
##...##...##.###.....
#....##§..##.........
#....§§§.....#####...
##...@§§.>....# ##...
#....§§.......## #....
#..##..§##...##...##....
# #...D##...##.#.......
#............###.....
#....§...##### #.....
##.......# #.....
#......## #.....
##.....# #.....


There were no monsters in sight!

Vanquished Creatures
  Duvessa (D:5)
  3 ice beasts (D:5)
  An ogre (D:6)
  A centaur (D:5)
  A kobold brigand (D:5)
  A bullfrog (D:6)
  Dowan (D:5)
  5 wights (D:5)
  2 jellies (D:5)
  An orc priest (D:5)
  Crazy Yiuf (D:5)
  A gnoll bouda (D:5)
  Terence (D:3)
  An iguana (D:6)
  4 orc wizards
  10 gnolls
  3 adders
  2 worms
  3 dart slugs
  9 orcs
  4 ball pythons
  5 endoplasms
  2 giant cockroaches
  5 goblins
  3 hobgoblins
  8 jackals
  2 quokkas (D:2)
  11 bats
  2 frilled lizards
  12 kobolds
  6 rats
112 creatures vanquished.

Notes
Turn   | Place    | Note
-------+----------+-------------------------------------------
     0 | D:1      | mopl the Octopode Brigand began the quest for the Orb.
     0 | D:1      | Reached XP level 1. HP: 14/14 MP: 1/1
   164 | D:1      | Reached XP level 2. HP: 19/19 MP: 2/2
   362 | D:1      | Found Cuec's Armour Boutique.
   735 | D:2      | Identified the +0 dagger "Funna" {elec, Str+3}
   788 | D:2      | Reached XP level 3. HP: 23/24 MP: 3/3
  1365 | D:3      | Found a faded altar of an unknown god.
  1376 | D:3      | Reached skill level 6 in Stealth
  1457 | D:3      | Reached XP level 4. HP: 29/29 MP: 4/4
  1469 | D:3      | Learned a level 2 spell: Blink
  1510 | D:3      | Noticed Terence
  1561 | D:3      | Killed Terence
  1773 | D:3      | Found a runed translucent gate.
  1773 | D:3      | Found a runed translucent gate.
  1773 | D:3      | Found a runed translucent gate.
  1776 | D:3      | Noticed soark's ghost (amateur DsCj)
  1789 | D:3      | Reached skill level 3 in Short Blades
  1789 | D:3      | Reached skill level 3 in Throwing
  1789 | D:3      | Reached skill level 1 in Spellcasting
  1887 | D:3      | Reached XP level 5. HP: 10/34 MP: 6/6
  2291 | D:4      | Reached skill level 1 in Translocations
  2308 | D:4      | Found a shadowy altar of Dithmenos.
  2321 | D:4      | Became a worshipper of Dithmenos the Shadowed
  2752 | D:5      | Entered Level 5 of the Dungeon
  2767 | D:5      | Noticed Dowan
  2768 | D:5      | Noticed Duvessa
  2773 | D:5      | Killed Duvessa
  2774 | D:5      | Reached XP level 6. HP: 28/39 MP: 8/8
  2777 | D:5      | Killed Dowan
  2778 | D:5      | Reached skill level 2 in Spellcasting
  2778 | D:5      | Reached skill level 2 in Translocations
  3027 | D:5      | Reached skill level 7 in Stealth
  3116 | D:5      | Learned a level 4 spell: Cause Fear
  3135 | D:5      | Noticed an ice beast
  3145 | D:5      | Killed an ice beast
  3146 | D:5      | Reached XP level 7. HP: 45/45 MP: 10/10
  3174 | D:5      | Found a runed translucent door.
  3175 | D:5      | Noticed Crazy Yiuf
  3331 | D:5      | Reached skill level 4 in Short Blades
  3331 | D:5      | Reached skill level 4 in Throwing
  3331 | D:5      | Reached skill level 1 in Hexes
  3348 | D:5      | Found a shimmering blue altar of Sif Muna.
  3443 | D:5      | Reached skill level 3 in Translocations
  3609 | D:5      | HP: 1/40 [wight/+0 dagger (3)]
  3804 | D:5      | Reached XP level 8. HP: 45/49 MP: 10/12
  3908 | D:5      | Reached skill level 8 in Stealth
  3908 | D:5      | Reached skill level 2 in Hexes
  3909 | D:5      | Reached * piety under Dithmenos
  3936 | D:5      | Identified the +3 whip "Zyhicuo" {venom, rC+++}
  3986 | D:5      | Reached skill level 3 in Spellcasting
  4052 | D:5      | HP: 2/50 [kobold/+0 club (3)]
  4326 | D:5      | Killed Crazy Yiuf
  4354 | D:6      | Reached skill level 5 in Short Blades
  4354 | D:6      | Reached skill level 4 in Translocations
  4387 | D:6      | Reached skill level 5 in Throwing
  4406 | D:6      | Reached skill level 3 in Hexes
  4441 | D:6      | Found a staircase to the Ecumenical Temple.
  4463 | D:6      | Killed from afar by a steam dragon

Illustrated notes

Levels and vault maps discovered:
D:1:      minmay_arrival_five_plusses, layout_basic, serial_shops, shop
D:2:      layout_basic
D:3:      layout_rooms, ebering_ecumenical_altar_webs,
          ebering_ghost_rock_garden, uniq_terence
D:4:      layout_rooms, nicolae_dithmenos_shadow_blocks
D:5:      cheibrodos_quashed, layout_loops_ring, kennysheep_orc_sif_temple,
          eino_tiny_chamber, uniq_duvessa, uniq_crazy_yiuf_cottage
D:6:      layout_cave_pods, amcnicky_altar_gilded, nicolae_wu_jian_wuxing_cycle,
          minmay_temple_entry_stoned_glass, serial_shops, nicolae_shop_trees,
          nicolae_diamond_shop, kennysheep_mini_moat, nicolae_take_the_stairs,
          shop, minmay_quadrilaterals

Skill      XL: |  1  2  3  4  5  6  7  8 |
---------------+-------------------------+-----
Stealth        | 6 7 8 |  8.8
Short Blades   | 3 4 5 |  5.2
Throwing       | 3 4 5 |  5.1
Spellcasting   | 1 2 3 |  3.0
Translocations | 1 2 3 4 |  4.0
Hexes          | 1 3 |  3.1
Fighting       | |  2.0
Dodging        | |  1.0

Action                     |  1- 3 |  4- 6 |  7- 9 || total
---------------------------+-------+-------+-------++-------
  Melee: Dagger            |    78 |    67 |    93 ||   238
         Constrict         |    13 |    15 |    19 ||    47
         Tentacles         |     9 |     9 |    19 ||    37
         Punch             |       |     2 |     2 ||     4
  Throw: Dart              |       |     9 |     1 ||    10
  Evoke: Wand              |       |       |     3 ||     3
    Use: Scroll            |       |       |     7 ||     7
         Potion            |       |       |     1 ||     1
   Stab: Sleeping          |    13 |     6 |    14 ||    33
         Distracted        |     2 |     1 |     1 ||     4
 Armour: Skin              |    10 |    16 |    11 ||    37
  Dodge: Dodged            |    62 |    44 |    31 ||   137

Table legend: (Time is in decaauts)
 A = Elapsed time spent in this place.
 B = Non-inter-level travel time spent in this place.
 C = Inter-level travel time spent in this place.
 D = Time resting spent in this place.
 E = Time spent auto-exploring this place.
 F = Levels seen in this place.
 G = Mean time per level.
                   A        B        C        D        E       F      G
               +--------+--------+--------+--------+--------+-----+--------+
         Total |   4425 |   4297 |    128 |    801 |   2332 |   6 |  737.5 |
       Dungeon |   4425 |   4297 |    128 |    801 |   2332 |   6 |  737.5 |
               +--------+--------+--------+--------+--------+-----+--------+

Top non-repeatable levels by time:
     D:5: 1529 daAuts
     D:3: 865 daAuts
     D:2: 759 daAuts
     D:1: 627 daAuts
     D:4: 533 daAuts
     D:6: 110 daAuts
